 Seeded DCSS version 0.30-a0-956-gcec3b41aec (webtiles) character file.

Game seed: 20230327 (custom seed)

2366 GigaChad the Cleaver (level 9, -8/75 HPs)
             Began as a Minotaur Fighter on Mar 29, 2023.
             Was an Initiate of Gozag.
             Killed from afar by an electric eel (10 damage)
             ... with a bolt of electricity
             ... on level 6 of the Dungeon.
             The game lasted 00:08:21 (5241 turns).

GigaChad the Cleaver (Minotaur Fighter)             Turns: 5241, Time: 00:08:22

Health: -8/75      AC: 28    Str: 25    XL:     9   Next: 21%
Magic:  8/8        EV:  9    Int:  5    God:    Gozag
Gold:   441        SH:  8    Dex: 10    Spells: 8/8 levels left

rFire   . . .      SeeInvis .    a - +0 war axe (elec)
rCold   . . .      Faith    .    c - +3 buckler
rNeg    . . .      Spirit   .    v - +18 Lear's hauberk
rPois   .          Reflect  .    (helmet currently unavailable)
rElec   .          Rampage  .    (no cloak)
rCorr   .                        (gloves currently unavailable)
Will    .....                    (boots currently unavailable) Stlth
                                 (no amulet)
HPRegen 0.32/turn                (no ring)
MPRegen 0.11/turn                (no ring)

@: gold aura
A: horns 2, retaliatory headbutt
a: Renounce Religion, Potion Petition, Call Merchant, Bribe Branch


You were on level 6 of the Dungeon.
You worshipped Gozag.
Gozag was aware of your devotion.
You visited 2 branches of the dungeon, and saw 7 of its levels.

You collected 499 gold pieces.
You paid 58 gold pieces to Gozag.

Inventory:

Hand Weapons
 a - a +0 war axe of electrocution (weapon)
Armour
 b - a +1 scale mail
 c - a +3 buckler (worn)
 v - the +18 Lear's hauberk (worn)
   (You found it on level 4 of the Dungeon)
Jewellery
 j - a ring of fire
Wands
 y - a wand of flame (5)
Scrolls
 k - 2 scrolls of immolation
 l - a scroll of blinking
 p - a scroll of fog
 q - 3 scrolls of magic mapping
 r - 3 scrolls of poison
Potions
 d - a potion of might
 e - 3 potions of curing
 g - a potion of invisibility {unknown}
 i - 2 potions of degeneration {unknown}
 m - a potion of flight {unknown}
 n - 3 potions of brilliance
 o - 3 potions of lignification {unknown}
 s - 2 potions of heal wounds {unknown}
 t - 3 potions of berserk rage {unknown}
 w - a potion of ambrosia {unknown}
 z - 2 potions of attraction {unknown}


   Skills:
 + Level 6.2 Fighting
 + Level 10.5 Axes
 + Level 7.7 Armour
 + Level 2.9 Dodging
 + Level 1.6 Stealth
 + Level 5.8 Shields


You had 8 spell levels left.
You didn't know any spells.
Your spell library contained the following spells:

 Spells                   Type           Power      Damage    Failure   Level
 Sting                    Tmut/Pois      0%         1d3       98%         1
 Poisonous Vapours        Pois/Air       0%         N/A       99%         2
 Olgreb's Toxic Radiance  Pois           0%         N/A       100%        4
 Borgnjor's Revivificati  Necr           0%         N/A       100%        8
 Necromutation            Tmut/Necr      0%         N/A       100%        8
 Death's Door             Necr           0%         N/A       100%        9


Dungeon Overview and Level Annotations

Branches:
Dungeon (6/15)             Temple (1/1) D:5

Altars:
Cheibriados
Dithmenos
Elyvilon
Fedhas
Gozag
Makhleb
Qazlal
Ru
Sif Muna
Trog
Xom

Shops:
D:1 *=:*=

Annotations:
D:4 Natasha


Innate Abilities, Weirdness & Mutations

You have a pair of horns on your head.
You reflexively headbutt those who attack you in melee.


Message History

You hit the electric eel but do no damage.
You hit the plant but do no damage.
The electric eel shoots out a bolt of lightning at you!
The bolt of electricity hits you!
* * * LOW HITPOINT WARNING * * *
You enter the shallow water.
Moving in this stuff is going to be slow.
The electric eel shoots out a bolt of lightning at you!
The bolt of electricity hits you but does no damage.
You see here 5 gold pieces.
A nearby plant withers and dies.
The electric eel shoots out a bolt of lightning at you!
The bolt of electricity hits you!
* * * LOW HITPOINT WARNING * * *
The bolt of electricity hits you but does no damage.
The bolt of electricity hits the electric eel.
The electric eel completely resists.
The bolt of electricity hits the plant!
The plant begins to die.
Blink to where?
Press: ? - help, Dir - move target
Okay, then.
Okay, then.
You barely miss the electric eel. You closely miss the electric eel.
The electric eel shoots out a bolt of lightning at you!
The bolt of electricity hits you but does no damage. x2
The bolt of electricity hits the electric eel.
The electric eel completely resists.
The bolt of electricity hits the plant!
The electric eel is distracted by your dazzling golden aura.
You miss the electric eel.
The electric eel is no longer distracted by gold.
Your headbutt misses the electric eel. You miss the electric eel.
You miss the electric eel. You hit the electric eel.
A nearby plant withers and dies.
The electric eel shoots out a bolt of lightning at you!
The bolt of electricity misses you.
You barely miss the electric eel. You hit the electric eel.
The electric eel shoots out a bolt of lightning at you!
The bolt of electricity hits you!
You die...
Your body crumbles into a pile of gold.

#<...... #....)..
#....... ##########
#....... ##....~~~~##
#....... ##~########.##
########' #~##..~[)≈##.#
#..[..... #~#...~S~≈≈#.#
#........ #~#....$@S≈#.#
#........ #.#'..~..≈≈#.#
#........ #..#..P.)≈##~##
#........
##.##########~###........
#~~##..~..≈##~##........
##~#...~..≈≈#~##........
#~#....~.~≈#.#..##+####
#.#'..~.)≈≈#.#..#......
#..#...~.≈##'#..#......


You could see 2 electric eels.

Vanquished Creatures
  Pikel (D:4)
  Sigmund (D:5)
  Eustachio (D:4)
  Menkaure (D:5)
  Duvessa (D:4)
  An ice beast (D:6)
  A centaur (D:5)
  An ogre (D:4)
  A lemure (D:4)
  A phantom (D:5)
  Blork the orc (D:5)
  2 bullfrogs (D:6)
  3 scorpions
  Dowan (D:4)
  A howler monkey (D:6)
  4 electric eels (D:6)
  A hound (D:5)
  3 jellies
  2 orc priests (D:6)
  2 iguanas
  An orc wizard (D:6)
  Natasha (D:4)
  A mummy (D:4)
  8 adders
  3 white imps
  A worm (D:2)
  2 dart slugs
  3 orcs
  4 ball pythons
  6 bats
  4 endoplasms
  5 giant cockroaches
  9 goblins
  6 hobgoblins
  2 jackals (D:2)
  2 quokkas
  3 frilled lizards
  6 kobolds
  4 rats
101 creatures vanquished.

Vanquished Creatures (others)
  6 plants (D:6)
6 creatures vanquished.

Grand Total: 107 creatures vanquished

Notes
Turn   | Place    | Note
-------+----------+-------------------------------------------
     0 | D:1      | GigaChad the Minotaur Fighter began the quest for the Orb.
     0 | D:1      | Reached XP level 1. HP: 19/19 MP: 0/0
     4 | D:1      | Found Xoclunid's Book Emporium.
    32 | D:1      | Found Aqium's General Store.
   140 | D:1      | Found Wostryiz's General Store.
   196 | D:1      | Reached XP level 2. HP: 27/27 MP: 1/1
   207 | D:1      | Found a faded altar of an unknown god.
   283 | D:1      | Found Muif's Jewellery Shop.
   473 | D:1      | Reached skill level 3 in Axes
   536 | D:1      | Found Uvvotic's Jewellery Boutique.
   554 | D:1      | Reached XP level 3. HP: 33/33 MP: 2/2
   993 | D:2      | Found a white marble altar of Elyvilon.
  1770 | D:3      | Reached XP level 4. HP: 35/40 MP: 3/3
  1939 | D:3      | Reached skill level 4 in Axes
  2059 | D:4      | Found the +18 Lear's hauberk
  2159 | D:4      | Noticed Dowan
  2159 | D:4      | Noticed Duvessa
  2173 | D:4      | Killed Duvessa
  2174 | D:4      | Reached XP level 5. HP: 34/46 MP: 4/4
  2180 | D:4      | Killed Dowan
  2181 | D:4      | Reached skill level 5 in Axes
  2181 | D:4      | Reached skill level 5 in Armour
  2342 | D:4      | Noticed Eustachio
  2357 | D:4      | Killed Eustachio
  2358 | D:4      | Reached skill level 1 in Dodging
  2358 | D:4      | Reached XP level 6. HP: 53/53 MP: 5/5
  2361 | D:4      | Noticed Natasha
  2369 | D:4      | Killed Natasha
  2417 | D:4      | Noticed Pikel
  2431 | D:4      | Killed Pikel
  2432 | D:4      | Reached skill level 5 in Fighting
  2432 | D:4      | Reached skill level 7 in Axes
  2432 | D:4      | Reached skill level 5 in Shields
  2432 | D:4      | Reached XP level 7. HP: 36/61 MP: 6/6
  2614 | D:4      | Noticed a fire elemental
  2616 | D:4      | Found a stormy altar of Qazlal.
  2618 | D:4      | Noticed an air elemental
  2618 | D:4      | Noticed a water elemental
  2837 | D:4      | Reached XP level 8. HP: 53/69 MP: 7/7
  3055 | D:4      | Noticed Natasha
  3057 | D:5      | Entered Level 5 of the Dungeon
  3083 | D:5      | Noticed Menkaure
  3089 | D:5      | Killed Menkaure
  3090 | D:5      | Reached skill level 8 in Axes
  3112 | D:5      | Found a staircase to the Ecumenical Temple.
  3127 | Temple   | Entered the Ecumenical Temple
  3186 | Temple   | Became a worshipper of Gozag Ym Sagoz the Greedy
  3288 | D:5      | Noticed Sigmund
  3319 | D:5      | Killed Sigmund
  3320 | D:5      | Reached skill level 9 in Axes
  3406 | D:5      | Noticed Blork the orc
  3419 | D:5      | Killed Blork the orc
  3420 | D:5      | Reached skill level 1 in Stealth
  3829 | D:5      | Found a shimmering altar of Xom.
  3829 | D:5      | Found a shimmering altar of Xom.
  3830 | D:5      | Found a shimmering altar of Xom.
  4461 | D:6      | Reached skill level 10 in Axes
  4461 | D:6      | Reached XP level 9. HP: 75/75 MP: 8/8
  4509 | D:6      | Identified the +0 flail "Jellybane" {holy, rElec rF+ Str-4
                  | Stlth+}
  5237 | D:6      | HP: 1/75 [electric eel/bolt of electricity (11)]
  5241 | D:6      | Killed from afar by an electric eel

Illustrated notes

Levels and vault maps discovered:
D:1:      doesnt_arrival_eight_statues, layout_basic, serial_shops,
          nicolae_shop_advertising_works [nicolae_subvault_shop_adworks], shop,
          nicolae_lakefront_shop, shop, shop,
          shapermc_ecumenical_altar_notcrosses
D:2:      minmay_spotlight, layout_basic, basic_altar
D:3:      layout_loops_cross, st_stairs_7
D:4:      layout_basic, nicolae_qazlal_style_of_elements,
          gup_ossuary_entry_pyramid, uniq_eustachio, uniq_natasha, uniq_pikel,
          uniq_duvessa
D:5:      layout_rooms, xom_redecorated, minmay_temple_entry_mini_moons,
          uniq_sigmund, uniq_menkaure, uniq_blork_the_orc
D:6:      cheibrodos_two_vegetables, layout_gridville
Temple:   oiseaux_autumnal_temple

Skill      XL: |  1  2  3  4  5  6  7  8 |
---------------+-------------------------+-----
Shields        | 4 5 |  5.8
Armour         | 4 5 6 7 |  7.7
Axes           | 3 4 5 7 10 | 10.5
Fighting       | 4 5 6 |  6.2
Dodging        | 1 2 |  2.9
Stealth        | 1 |  1.6

Action                     |  1- 3 |  4- 6 |  7- 9 || total
---------------------------+-------+-------+-------++-------
  Melee: War axe           |   109 |    55 |   162 ||   326
         Headbutt          |    11 |    10 |    23 ||    44
    Use: Scroll            |       |       |    16 ||    16
 Armour: Scale mail        |    54 |     4 |       ||    58
         Chain mail        |       |    48 |    97 ||   145
  Dodge: Dodged            |    58 |    24 |    47 ||   129
  Block: Buckler           |    23 |    16 |    29 ||    68

Table legend: (Time is in decaauts)
 A = Elapsed time spent in this place.
 B = Non-inter-level travel time spent in this place.
 C = Inter-level travel time spent in this place.
 D = Time resting spent in this place.
 E = Time spent auto-exploring this place.
 F = Levels seen in this place.
 G = Mean time per level.
                   A        B        C        D        E       F      G
               +--------+--------+--------+--------+--------+-----+--------+
         Total |   5324 |   5212 |    112 |   1011 |   3125 |   7 |  760.6 |
       Dungeon |   5227 |   5151 |     76 |   1011 |   3125 |   6 |  871.2 |
        Temple |     96 |     60 |     36 |      0 |      0 |   1 |   96.0 |
               +--------+--------+--------+--------+--------+-----+--------+

Top non-repeatable levels by time:
     D:6: 1223 daAuts
     D:4: 1013 daAuts
     D:5: 887 daAuts
     D:1: 885 daAuts
     D:2: 625 daAuts
     D:3: 591 daAuts
  Temple: 96 daAuts
